 Dungeon Crawl Stone Soup version 0.30-a0-540-g0af01429fa (webtiles) character file.

Game seed: 15857732842347087280

47 Jase the Vexing (level 3, -2/26 HPs)
             Began as a Formicid Hexslinger on Dec 26, 2022.
             Slain by a gnoll
             ... wielding a +0 spear
              (8 damage)
             ... on level 2 of the Dungeon.
             The game lasted 00:02:37 (1307 turns).

Jase the Vexing (Formicid Hexslinger)               Turns: 1307, Time: 00:02:37

Health: -2/26      AC:  2    Str: 14    XL:     3   Next: 97%
Magic:  3/4        EV: 12    Int: 12    God:
Gold:   36         SH:  0    Dex: 16    Spells: 3/4 levels left

rFire   . . .      SeeInvis +    a - +1 sling
rCold   . . .      Faith    .    (no shield)
rNeg    . . .      Spirit   .    c - +0 robe
rPois   .          Reflect  .    (helmet unavailable)
rElec   .          Harm     .    (no cloak)
rCorr   .          Rampage  .    (no gloves)
Will    .....                    (no boots)
Stlth   +                        (no amulet)
HPRegen 0.24/turn                (no ring)
MPRegen 0.09/turn                (no ring)

@: no status effects
A: permanent stasis, dig shafts and tunnels, antennae 3, four strong arms
a: Dig, Shaft Self


You were on level 2 of the Dungeon.
You visited 1 branch of the dungeon, and saw 2 of its levels.

You collected 36 gold pieces.

Inventory:

Hand Weapons
 a - a +1 sling (weapon)
 b - a +0 dagger
Armour
 c - a +0 robe (worn)
Scrolls
 e - a scroll of teleportation {unknown}
 g - a scroll of poison
 k - a scroll of noise {unknown}
Potions
 d - a potion of mutation {unknown}
 f - a potion of degeneration {unknown}
 h - a potion of attraction {unknown}
 i - 3 potions of brilliance {unknown}
 j - a potion of flight {unknown}


   Skills:
 - Level 1.1 Fighting
 + Level 3.0 Ranged Weapons
 - Level 2.0 Dodging
 - Level 1.1 Spellcasting
 + Level 4.6 Hexes


You had 3 spell levels left.
You knew the following spells:

 Your Spells              Type           Power      Damage    Failure   Level
a - Slow                  Hex            44%        N/A       4%          1

Your spell library contained the following spells:

 Spells                   Type           Power      Damage    Failure   Level
 Freeze                   Ice            0%         1d3       30%         1
 Inner Flame              Hex/Fire       6%         N/A       34%         3
 Portal Projectile        Hex/Tloc       12%        N/A       34%         3
 Frozen Ramparts          Ice            0%         1d1       65%         3
 Hailstorm                Conj/Ice       0%         3d3       65%         3
 Cause Fear               Hex            5%         N/A       41%         4


Dungeon Overview and Level Annotations

Branches:
Dungeon (2/15)

Altars:

Shops:
D:1 =


Innate Abilities, Weirdness & Mutations

You cannot be hasted, slowed, berserked, paralysed or teleported.
You can dig through walls and to a lower floor.
You have a pair of large antennae on your head. (SInv)
Your four strong arms can wield two-handed weapons with a shield.


Message History

You feel sick. The adder misses you. The adder bites you but does no damage.
You shoot a sling bullet. The sling bullet misses the adder.
The sling bullet hits the gnoll.
The gnoll is severely wounded.
You feel sick. The adder barely misses you. The gnoll closely misses you.
The adder bites you.
You shoot a sling bullet. The sling bullet hits the adder.
The adder is almost dead.
You feel sick.
The gnoll hits you from afar with a +0 spear.
The adder misses you.
A gnoll comes into view. It is wielding a +0 spear.
The gnoll hits you from afar with a +0 spear.
* * * LOW HITPOINT WARNING * * *
You are too injured to fight recklessly!
Aiming: Slow (safe; 4% risk of failure)
Press: ? - help, Q - select action, (/) - cycle Shift-Dir - straight line, f/p - adder
Aim: an adder (almost dead, chance to affect: 53%)
The adder resists with significant effort.
You feel sick. The adder closely misses you. The gnoll closely misses you.
Fire: a) +1 sling
Press: ? - help, Q - select action, (/) - cycle Shift-Dir - straight line, f/p - adder
Aim: an adder (almost dead, 40% to hit)
You shoot a sling bullet.
The sling bullet closely misses the adder.
The sling bullet hits the gnoll!
You kill the gnoll!
You feel sick.
You are no longer poisoned.
The adder closely misses you. x2
Your Ranged Weapons skill increases to level 3!
Okay, then.
Okay, then.
Fire: a) +1 sling
Press: ? - help, Q - select action, (/) - cycle Shift-Dir - straight line, f/p - adder
Aim: an adder (almost dead, 40% to hit)
You shoot a sling bullet. The sling bullet hits the adder.
You kill the adder!
The gnoll hits you from afar with a +0 spear!
You die...

{. .. ... .... P....
########g.....
..#.@†g†.....
#.#.###......
####.#.### ..#..{
#......#......#
#....##.###.#.# .#
#### #.#####.# #..#
#.# ##8_8
#.......###.###..###
#....
..##.........#.....
##....
#.............#
#.....


You could see 2 gnolls.

Vanquished Creatures
  A gnoll (D:2)
  2 adders (D:2)
  2 bats (D:1)
  2 endoplasms
  3 hobgoblins (D:2)
  2 kobolds
  2 quokkas
  A ball python (D:1)
  3 frilled lizards (D:2)
  9 goblins
  2 rats (D:2)
29 creatures vanquished.

Vanquished Creatures (others)
  13 plants (D:2)
13 creatures vanquished.

Grand Total: 42 creatures vanquished

Notes
Turn   | Place    | Note
-------+----------+-------------------------------------------
     0 | D:1      | Jase the Formicid Hexslinger began the quest for the Orb.
     0 | D:1      | Reached XP level 1. HP: 15/15 MP: 2/2
   282 | D:1      | Found Metzap's Jewellery Shop.
   369 | D:1      | Reached XP level 2. HP: 11/21 MP: 3/3
   509 | D:1      | Reached skill level 4 in Hexes
   999 | D:2      | Reached XP level 3. HP: 23/26 MP: 4/4
  1068 | D:2      | Found a faded altar of an unknown god.
  1307 | D:2      | Slain by a gnoll

Illustrated notes

Levels and vault maps discovered:
D:1:      dpeg_arrival_fog, layout_basic, serial_shops,
          nicolae_shop_hallway_plus, bh_walls_and_bars
D:2:      layout_loops_cross, hellmonk_ecumenical_altar_prayer_group,
          grunt_ministairs_2, nicolae_grassy_gnolls

Skill      XL: |  1  2  3 |
---------------+----------+-----
Dodging        | 2 |  2.0
Hexes          | 4 |  4.6
Ranged Weapons | 3 |  3.0
Fighting       | |  1.1
Spellcasting   | |  1.1

Action                   || total
-------------------------++-------
 Fire: Sling             ||    83
 Cast: Slow              ||     1
Armor: Robe              ||     5
Dodge: Dodged            ||    22

Table legend: (Time is in decaauts)
 A = Elapsed time spent in this place.
 B = Non-inter-level travel time spent in this place.
 C = Inter-level travel time spent in this place.
 D = Time resting spent in this place.
 E = Time spent auto-exploring this place.
 F = Levels seen in this place.
 G = Mean time per level.
                   A        B        C        D        E       F      G
               +--------+--------+--------+--------+--------+-----+--------+
         Total |   1329 |   1289 |     40 |     13 |   1103 |   2 |  664.5 |
       Dungeon |   1329 |   1289 |     40 |     13 |   1103 |   2 |  664.5 |
               +--------+--------+--------+--------+--------+-----+--------+

Top non-repeatable levels by time:
     D:1: 868 daAuts
     D:2: 461 daAuts
